[Event "XIV American Continental-ch 2019"]
[Site "Sao Paulo"]
[Date "2019.07.08"]
[Round "4.19"]
[White "Alboredo, Julia"]
[Black "Salinas Herrera, Pablo"]
[Result "0-1"]
[ECO "B90"]
[WhiteElo "2175"]
[BlackElo "2498"]
[Annotator "RC"]
[PlyCount "232"]
[EventDate "2019.07.05"]
[EventType "swiss"]
[EventCountry "BRA"]
[SourceTitle "playchess.com"]
[Source "ChessBase"]
[SourceQuality "1"]
[TimeControl "40/5400+30:1800+30"]

1. e4 c5 2. Nf3 d6 3. d4 cxd4 4. Nxd4 Nf6 5. Nc3 a6 6. Be3 e5 7. Nb3 Be6 8. Qd2 Nbd7 9. O-O-O b5 10. f4 Be7 11. Kb1 O-O 12. f5 Bc4 13. g4 Nxg4 14. Rg1 Nxe3 15. Qxe3 Bxb3 16. cxb3 Kh8 17. Be2 h6 18. Rg3 Nf6 19. Rdg1 Rg8 20. Rh3 Nh7 21. Nd5 Bg5 22. Qd3 Rc8 23. a3 Bf4 24. Rd1 Nf6 25. Nxf4 exf4 26. Bf3 Nh7 27. Qd4 f6 28. Rh4 Qc7 29. Qd2 Rge8 30. Rxf4 Ng5 31. Bg2 Re5 32. h4 Nf7 33. b4 Qe7 34. Rc1 Rxc1+ 35. Qxc1 d5 36. Qc8+ Kh7 37. exd5 Nd6 38. Qc5 Re1+ 39. Ka2 Qe5 40. Rf2 Re3 41. Bf3 Nxf5 42. Bd1 Nd6 43. Bc2+ f5 44. Bxf5+ Nxf5 45. Rxf5 Qxf5 46. Qxe3 Qxd5+ 47. Kb1 Qh1+ 48. Ka2 Qxh4 49. Qd3+ Kh8 50. Qg6 Qf6 51. Qe8+ Kh7 52. b3 Qg6 53. Qe2 h5 54. a4 Qf5 55. Qh2 Qg4 56. Qc2+ Qg6 57. Qh2 Kh6 58. Qd2+ Qg5 59. Qd6+ Qf6 60. Qc5 h4 61. axb5 axb5 62. Qxb5 Qf2+ 63. Ka3 Qa7+ 64. Kb2 Qd4+ 65. Ka2 Qf2+ 66. Ka3 h3 67. Qc6+ Qf6 68. Qc1+ g5 69. b5 Qf8+ 70. Kb2 Qh8+ 71. Kb1 Qe8 72. Qh1 Qe6 73. Kb2 Qe2+ 74. Ka3 Qg2 75. Qe1 Qa8+ 76. Kb4 Qf8+ 77. Ka4 Qa8+ 78. Kb4 Qf8+ 79. Ka4 Qf4+ 80. Ka5 h2 81. Qe6+ Kh5 82. Qe8+ Kh4 83. Qe1+ Kh3 84. Qc3+ Kg2 85. Qc2+ Kf1 86. Qd1+ Kf2 87. Qc2+ Ke1 88. b4 Kf1 89. Qd1+ Kf2 90. Qc2+ Kg1 91. Qd1+ Kg2 92. Qe2+ Kg3 93. Qe1+ Qf2 94. Qe5+ Kh3 95. Qc3+ Kg2 96. Qc6+ Qf3 97. Qc2+ Kh3 98. Qh7+ Kg3 99. Qc7+ Qf4 100. Qc3+ Kg4 101. Qc8+ Qf5 102. Qc4+ Kh3 103. Qc3+ Kg4 104. Qd4+ Qf4 105. Qd7+ Kf3 106. Qd3+ Qe3 107. Qd5+ Ke2 108. Qa2+ Qd2 109. Qc4+ Kd1 110. Qb3+ Kc1 111. Qa3+ Kb1 112. Qb3+ Ka1 113. Qh3 Qd8+ 114. Ka4 Qd1+ 115. Ka3 Qc1+ 116. Kb3 h1=Q 0-1

[Event "XIV American Continental-ch 2019"]
[Site "Sao Paulo"]
[Date "2019.07.07"]
[Round "4.20"]
[White "Roselli Mailhe, Bernardo"]
[Black "Curi, Gabriel"]
[Result "1/2-1/2"]
[ECO "D00"]
[WhiteElo "2471"]
[BlackElo "2185"]
[Annotator "ChessBase"]
[PlyCount "72"]
[EventDate "2019.07.05"]
[EventType "swiss"]
[EventCountry "BRA"]
[SourceTitle "playchess.com"]
[Source "ChessBase"]
[SourceQuality "1"]
[TimeControl "40/5400+30:1800+30"]

1. d4 d5 2. Bf4 Nf6 3. e3 c5 4. Nc3 Bg4 5. f3 Bf5 6. Nb5 Na6 7. c3 Qb6 8. a4 c4 9. g4 Bd7 10. b3 cxb3 11. Qxb3 e6 12. Bd3 Be7 13. Nd6+ Bxd6 14. Qxb6 axb6 15. Bxd6 Bc6 16. Ne2 Kd7 17. Be5 Nc7 18. Bc2 Nfe8 19. Kf2 f6 20. Bg3 h5 21. gxh5 Rxh5 22. Rhb1 Ra6 23. Nf4 Rh6 24. h4 Nd6 25. Nd3 Nf5 26. Nb4 Ra8 27. Bxf5 exf5 28. Nxc6 Kxc6 29. c4 g5 30. hxg5 fxg5 31. Rc1 Ne6 32. Be5 g4 33. Rab1 gxf3 34. cxd5+ Kxd5 35. Rxb6 Rxa4 36. Rc2 Rg6 1/2-1/2

[Event "XIV American Continental-ch 2019"]
[Site "Sao Paulo"]
[Date "2019.07.07"]
[Round "4.21"]
[White "Bueno, Alfeu Junior Varela"]
[Black "Perdomo, Leandro"]
[Result "1-0"]
[ECO "C55"]
[WhiteElo "2169"]
[BlackElo "2468"]
[Annotator "ChessBase"]
[PlyCount "83"]
[EventDate "2019.07.05"]
[EventType "swiss"]
[EventCountry "BRA"]
[SourceTitle "playchess.com"]
[Source "ChessBase"]
[SourceQuality "1"]
[TimeControl "40/5400+30:1800+30"]

1. e4 e5 2. Nf3 Nc6 3. Bc4 Nf6 4. d3 Be7 5. O-O O-O 6. Re1 d6 7. h3 Na5 8. Bb3 c6 9. Nc3 Qc7 10. Bg5 Re8 11. d4 b5 12. Qd3 a6 13. dxe5 dxe5 14. Rad1 Nb7 15. Qe3 Bc5 16. Qe2 Qe7 17. Nh4 a5 18. a3 a4 19. Ba2 Be6 20. Nf5 Bxf5 21. exf5 Nd6 22. Qf3 b4 23. Ne4 Ndxe4 24. Rxe4 bxa3 25. bxa3 Bxf2+ 26. Kh1 Bb6 27. Rg4 e4 28. Qc3 Nxg4 29. Bxe7 Nf2+ 30. Kh2 Nxd1 31. Qxc6 e3 32. Bxf7+ Kh8 33. Bxe8 e2 34. Bb4 Rd8 35. f6 Ne3 36. fxg7+ Kxg7 37. Bc3+ Kf8 38. Qxb6 Nf1+ 39. Kg1 Rd1 40. Qf2+ Kxe8 41. Qxe2+ Ne3+ 42. Kh2 1-0

[Event "XIV American Continental-ch 2019"]
[Site "Sao Paulo"]
[Date "2019.07.07"]
[Round "4.22"]
[White "Borges, Wagner da Silva"]
[Black "Matsuura, Everaldo"]
[Result "0-1"]
[ECO "B33"]
[WhiteElo "2114"]
[BlackElo "2459"]
[Annotator "ChessBase"]
[PlyCount "56"]
[EventDate "2019.07.05"]
[EventType "swiss"]
[EventCountry "BRA"]
[SourceTitle "playchess.com"]
[Source "ChessBase"]
[SourceQuality "1"]
[TimeControl "40/5400+30:1800+30"]

1. e4 c5 2. Nf3 Nc6 3. d4 cxd4 4. Nxd4 Nf6 5. Nc3 e5 6. Ndb5 d6 7. Bg5 a6 8. Na3 b5 9. Nd5 Be7 10. Bxf6 Bxf6 11. c3 Bg5 12. Nc2 O-O 13. a4 bxa4 14. Rxa4 a5 15. Bd3 Rb8 16. b4 axb4 17. cxb4 Be6 18. b5 Na5 19. O-O f5 20. Ncb4 Bd7 21. Qa1 fxe4 22. Na6 Rc8 23. Bxe4 Bxb5 24. Rxa5 Bxf1 25. Nac7 Bc4 26. f4 Rxc7 27. Nxc7 Qxc7 28. Ra8 Bd8 0-1

[Event "XIV American Continental-ch 2019"]
[Site "Sao Paulo"]
[Date "2019.07.07"]
[Round "4.23"]
[White "Caetano, Ryan Wesley Da Costa"]
[Black "Sanchez Alvarez, Roberto Carlos"]
[Result "1/2-1/2"]
[ECO "E20"]
[WhiteElo "2155"]
[BlackElo "2434"]
[Annotator "NA"]
[PlyCount "47"]
[EventDate "2019.07.05"]
[EventType "swiss"]
[EventCountry "BRA"]
[SourceTitle "playchess.com"]
[Source "ChessBase"]
[SourceQuality "1"]
[TimeControl "40/5400+30:1800+30"]

1. d4 Nf6 2. c4 e6 3. Nc3 Bb4 4. g3 Bxc3+ 5. bxc3 d6 6. Bg2 O-O 7. Nf3 Nc6 8. O-O Rb8 9. Re1 Na5 10. Nd2 b6 11. e4 Ba6 12. Bf1 c5 13. f4 e5 14. d5 Kh8 15. Bd3 exf4 16. gxf4 Qd7 17. Kh1 Qh3 18. Bf1 Qh5 19. Be2 Qh4 20. Nf3 Qh3 21. Ng5 Qh4 22. Nf3 Qh3 23. Ng5 Qh4 24. Nf3 1/2-1/2

[Event "XIV American Continental-ch 2019"]
[Site "Sao Paulo"]
[Date "2019.07.07"]
[Round "4.24"]
[White "Bittencourt, Jorge"]
[Black "Aguilar, Luis Miguel"]
[Result "1/2-1/2"]
[ECO "A65"]
[WhiteElo "2433"]
[BlackElo "2175"]
[Annotator "NA"]
[PlyCount "79"]
[EventDate "2019.07.05"]
[EventType "swiss"]
[EventCountry "BRA"]
[SourceTitle "playchess.com"]
[Source "ChessBase"]
[SourceQuality "1"]
[TimeControl "40/5400+30:1800+30"]

1. d4 Nf6 2. c4 c5 3. d5 e6 4. Nc3 exd5 5. cxd5 d6 6. e4 g6 7. Bd3 Bg7 8. h3 O-O 9. Nf3 b5 10. Nxb5 Nxe4 11. Bxe4 Re8 12. Ng5 Qa5+ 13. Nc3 f5 14. O-O Bxc3 15. bxc3 fxe4 16. Re1 Bf5 17. g4 h6 18. gxf5 hxg5 19. fxg6 Qxc3 20. Qh5 Qh8 21. Qxh8+ Kxh8 22. Bxg5 Kg7 23. Bf4 Nd7 24. Bxd6 Kxg6 25. Rac1 Rac8 26. Rc4 Kf5 27. f3 exf3 28. Rf4+ Kg5 29. Rxe8 Rxe8 30. Rxf3 Re1+ 31. Kf2 Rd1 32. Bf4+ Kf5 33. d6 Ne5 34. Bxe5+ Kxe5 35. Ke2 Rxd6 36. Re3+ Kf4 37. Ra3 a6 38. Ra5 Kg3 39. Rxc5 Kxh3 40. Rc3+ 1/2-1/2

[Event "XIV American Continental-ch 2019"]
[Site "Sao Paulo"]
[Date "2019.07.08"]
[Round "5.1"]
[White "Fier, Alexandr"]
[Black "Pichot, Alan"]
[Result "0-1"]
[ECO "E62"]
[WhiteElo "2547"]
[BlackElo "2579"]
[Annotator "ChessBase"]
[PlyCount "118"]
[EventDate "2019.07.05"]
[EventType "swiss"]
[EventCountry "BRA"]
[SourceTitle "playchess.com"]
[Source "ChessBase"]
[SourceQuality "1"]
[TimeControl "40/5400+30:1800+30"]

1. d4 Nf6 2. c4 g6 3. g3 Bg7 4. Bg2 O-O 5. Nc3 d6 6. Nf3 Nc6 7. O-O e5 8. dxe5 dxe5 9. Bg5 Be6 10. Nd2 Qc8 11. Nd5 Nd7 12. b4 h6 13. Be3 Re8 14. Rc1 f5 15. b5 Nd8 16. Nb3 c6 17. a4 Bf7 18. Nc3 e4 19. bxc6 bxc6 20. Bd4 Ne5 21. Nc5 Ne6 22. Nxe6 Qxe6 23. Qb3 Rab8 24. Qa2 Qxc4 25. Qxc4 Nxc4 26. Bxg7 Kxg7 27. Rfd1 Red8 28. Rxd8 Rxd8 29. f3 exf3 30. Bxf3 Ne5 31. Bg2 Rd2 32. e4 fxe4 33. Bxe4 g5 34. h4 gxh4 35. gxh4 Bg6 36. Rb1 Bxe4 37. Nxe4 Rd4 38. Rb7+ Kg6 39. Nc5 Rc4 40. Nd7 Nxd7 41. Rxd7 a5 42. Rd6+ Kh5 43. Kg2 Rxh4 44. Rxc6 Rxa4 45. Ra6 Ra3 46. Ra8 Kg4 47. Rg8+ Kh4 48. Rc8 Rg3+ 49. Kf2 h5 50. Rc4+ Rg4 51. Rc5 a4 52. Ra5 Rb4 53. Kf3 Rb3+ 54. Kg2 a3 55. Ra4+ Kg5 56. Ra5+ Kf4 57. Rxh5 Rb2+ 58. Kh3 a2 59. Ra5 Ke3 0-1

[Event "XIV American Continental-ch 2019"]
[Site "Sao Paulo"]
[Date "2019.07.08"]
[Round "5.2"]
[White "Iturrizaga Bonelli, Eduardo"]
[Black "Krysa, Leandro"]
[Result "1-0"]
[ECO "D71"]
[WhiteElo "2625"]
[BlackElo "2517"]
[Annotator "RC"]
[PlyCount "73"]
[EventDate "2019.07.05"]
[EventType "swiss"]
[EventCountry "BRA"]
[SourceTitle "playchess.com"]
[Source "ChessBase"]
[SourceQuality "1"]
[TimeControl "40/5400+30:1800+30"]

1. d4 Nf6 2. c4 g6 3. g3 c6 4. Bg2 d5 5. Nd2 Bg7 6. Ngf3 O-O 7. O-O Bf5 8. b3 a5 9. a3 Ne4 10. Bb2 a4 11. b4 Nd6 12. c5 Nb5 13. Re1 Nd7 14. h3 b6 15. cxb6 c5 16. g4 Be4 17. Nxe4 dxe4 18. Ne5 Nxe5 19. dxe5 Qxb6 20. bxc5 Qxc5 21. Rc1 Qa7 22. Bxe4 Rad8 23. Qc2 Nd4 24. Qc5 Qxc5 25. Rxc5 Nb3 26. Rc4 Rd2 27. Bc3 Ra2 28. f4 Rxa3 29. Rd1 Ra2 30. Kf2 Rb8 31. Rc7 a3 32. Bb1 Rb2 33. Bxb2 axb2 34. Rdd7 Rb4 35. Rc8+ Bf8 36. Rdd8 Rxf4+ 37. Ke3 1-0

[Event "XIV American Continental-ch 2019"]
[Site "Sao Paulo"]
[Date "2019.07.08"]
[Round "5.3"]
[White "Hambleton, Aman"]
[Black "Leitao, Rafael"]
[Result "1/2-1/2"]
[ECO "A45"]
[WhiteElo "2487"]
[BlackElo "2616"]
[Annotator "RC"]
[PlyCount "38"]
[EventDate "2019.07.05"]
[EventType "swiss"]
[EventCountry "BRA"]
[SourceTitle "playchess.com"]
[Source "ChessBase"]
[SourceQuality "1"]
[TimeControl "40/5400+30:1800+30"]

1. d4 Nf6 2. Bf4 e6 3. e3 c5 4. Nf3 cxd4 5. exd4 b6 6. Nbd2 Be7 7. Bd3 Ba6 8. Nc4 O-O 9. c3 d5 10. Nce5 Bxd3 11. Nxd3 Nc6 12. a4 Rc8 13. O-O Ne4 14. Re1 Bd6 15. Bxd6 Nxd6 16. Qe2 Na5 17. Nfe5 Nac4 18. Nxc4 Nxc4 19. g3 Re8 1/2-1/2

[Event "XIV American Continental-ch 2019"]
[Site "Sao Paulo"]
[Date "2019.07.08"]
[Round "5.4"]
[White "Supi, Luis Paulo"]
[Black "Hungaski, Robert"]
[Result "1-0"]
[ECO "A36"]
[WhiteElo "2562"]
[BlackElo "2488"]
[Annotator "ChessBase"]
[PlyCount "77"]
[EventDate "2019.07.05"]
[EventType "swiss"]
[EventCountry "BRA"]
[SourceTitle "playchess.com"]
[Source "ChessBase"]
[SourceQuality "1"]
[TimeControl "40/5400+30:1800+30"]

1. c4 c5 2. g3 Nc6 3. Bg2 g6 4. Nc3 Bg7 5. d3 e6 6. Bf4 d6 7. Nf3 h6 8. a3 Nge7 9. Rb1 b6 10. Nb5 e5 11. Bd2 Be6 12. b4 Rc8 13. bxc5 dxc5 14. Qc1 Qd7 15. O-O Nf5 16. Nc3 O-O 17. e4 Nfd4 18. Nxd4 Qxd4 19. Be3 Qd6 20. Bxh6 Bxh6 21. Qxh6 Qxd3 22. Nd5 Bxd5 23. exd5 Nd4 24. Rbe1 Nf5 25. Qg5 Nd6 26. Qf6 Rcd8 27. h4 Nxc4 28. Be4 Qd4 29. h5 Rd6 30. Qe7 Rfd8 31. hxg6 fxg6 32. Bxg6 R8d7 33. Qe8+ Kg7 34. Re4 Qxd5 35. Rg4 Qf3 36. Bh5+ Kh6 37. Rg6+ Kxh5 38. Rf6+ Kg4 39. Qg6+ 1-0

[Event "XIV American Continental-ch 2019"]
[Site "Sao Paulo"]
[Date "2019.07.08"]
[Round "5.5"]
[White "Perez Ponsa, Federico"]
[Black "Vazquez, Guillermo"]
[Result "1-0"]
[ECO "B48"]
[WhiteElo "2560"]
[BlackElo "2483"]
[Annotator "ChessBase"]
[PlyCount "71"]
[EventDate "2019.07.05"]
[EventType "swiss"]
[EventCountry "BRA"]
[SourceTitle "playchess.com"]
[Source "ChessBase"]
[SourceQuality "1"]
[TimeControl "40/5400+30:1800+30"]

1. e4 c5 2. Nf3 e6 3. d4 cxd4 4. Nxd4 Nc6 5. Nc3 Qc7 6. Be3 a6 7. Qf3 Nf6 8. O-O-O Ne5 9. Qg3 b5 10. f4 Neg4 11. Bg1 h5 12. e5 b4 13. Na4 Nd5 14. h3 Nh6 15. f5 Bb7 16. Bd3 Be7 17. Kb1 h4 18. Qe1 Rc8 19. g4 Qa5 20. b3 Nc3+ 21. Nxc3 bxc3 22. Be3 Bxh1 23. Qxh1 Qxe5 24. Re1 O-O 25. Nf3 Qa5 26. f6 Bc5 27. Bc1 Ba3 28. Bxh6 gxh6 29. Ne5 Qd5 30. Qf1 Qd4 31. Re4 Qa7 32. g5 d6 33. Qg2 h5 34. g6 fxg6 35. Qxg6+ Kh8 36. Qxh5+ 1-0

[Event "XIV American Continental-ch 2019"]
[Site "Sao Paulo"]
[Date "2019.07.08"]
[Round "5.7"]
[White "Escalante Ramirez, Brian Sebasti"]
[Black "Mekhitarian, Krikor Sevag"]
[Result "1/2-1/2"]
[ECO "C45"]
[WhiteElo "2447"]
[BlackElo "2545"]
[Annotator "ChessBase"]
[PlyCount "80"]
[EventDate "2019.07.05"]
[EventType "swiss"]
[EventCountry "BRA"]
[SourceTitle "playchess.com"]
[Source "ChessBase"]
[SourceQuality "1"]
[TimeControl "40/5400+30:1800+30"]

1. e4 e5 2. Nf3 Nc6 3. d4 exd4 4. Nxd4 Nf6 5. Nxc6 bxc6 6. e5 Qe7 7. Qe2 Nd5 8. c4 Ba6 9. Nd2 g6 10. Nf3 Qb4+ 11. Kd1 Bg7 12. Qd2 Qxd2+ 13. Bxd2 Nb6 14. b3 c5 15. Kc2 Bb7 16. Re1 O-O 17. Bd3 Rae8 18. Bc3 d6 19. exd6 Bxc3 20. Kxc3 Bxf3 21. Rxe8 Rxe8 22. gxf3 cxd6 23. Rd1 Kf8 24. Be4 Re6 25. b4 f5 26. Bc6 Ke7 27. a4 cxb4+ 28. Kxb4 Re5 29. a5 Nd7 30. f4 Re2 31. Bxd7 Kxd7 32. c5 Rb2+ 33. Kc3 Rxf2 34. Rxd6+ Kc7 35. Kc4 Rxf4+ 36. Kd5 Rf2 37. Rc6+ Kd7 38. Rd6+ Kc7 39. Rc6+ Kd7 40. Rd6+ Kc7 {[%emt 0:01:34] Ke4} 1/2-1/2

[Event "XIV American Continental-ch 2019"]
[Site "Sao Paulo"]
[Date "2019.07.08"]
[Round "5.8"]
[White "Santos, Marcus Vinicius More"]
[Black "Garcia Pantoja, Roberto"]
[Result "0-1"]
[ECO "D31"]
[WhiteElo "2354"]
[BlackElo "2529"]
[Annotator "ChessBase"]
[PlyCount "50"]
[EventDate "2019.07.05"]
[EventType "swiss"]
[EventCountry "BRA"]
[SourceTitle "playchess.com"]
[Source "ChessBase"]
[SourceQuality "1"]
[TimeControl "40/5400+30:1800+30"]

1. d4 d5 2. c4 e6 3. Nc3 Bb4 4. Qa4+ Nc6 5. cxd5 exd5 6. Bf4 Nge7 7. e3 O-O 8. Nf3 Ng6 9. Bg3 f5 10. Bb5 f4 11. exf4 Nxf4 12. Bxf4 Rxf4 13. Bxc6 Bxc3+ 14. bxc3 bxc6 15. Qxc6 Re4+ 16. Kf1 Rb8 17. Kg1 Rb2 18. h4 Re6 19. Qa8 Rb7 20. Kh2 Reb6 21. Rhe1 Rb8 22. Qxa7 Ba6 23. Re5 Ra8 24. Qxb6 cxb6 25. Rae1 Bd3 0-1

[Event "XIV American Continental-ch 2019"]
[Site "Sao Paulo"]
[Date "2019.07.08"]
[Round "5.9"]
[White "Gareyev, Timur"]
[Black "Quintiliano Pinto, Renato R."]
[Result "1/2-1/2"]
[ECO "A01"]
[WhiteElo "2588"]
[BlackElo "2443"]
[Annotator "ChessBase"]
[PlyCount "85"]
[EventDate "2019.07.05"]
[EventType "swiss"]
[EventCountry "BRA"]
[SourceTitle "playchess.com"]
[Source "ChessBase"]
[SourceQuality "1"]
[TimeControl "40/5400+30:1800+30"]

1. b3 e5 2. Bb2 Nc6 3. e3 Nf6 4. Bb5 Bd6 5. Nc3 a6 6. Be2 O-O 7. g4 Be7 8. Bf3 d6 9. g5 Nd7 10. h4 Nb6 11. Bxc6 bxc6 12. Nge2 d5 13. d4 e4 14. Nf4 Bf5 15. Rg1 Bd6 16. a4 Qe7 17. Nce2 f6 18. a5 Nd7 19. Qd2 fxg5 20. hxg5 Rab8 21. Bc3 Rf7 22. O-O-O Nf8 23. Kb2 Re8 24. Rg3 g6 25. Rg2 Ne6 26. Nxe6 Bxe6 27. Nf4 Bc8 28. Ra1 Rf5 29. Rag1 Rf7 30. Rh1 Ref8 31. Qe1 Rg7 32. Rh4 Rf5 33. Qg1 Qf8 34. Qh2 Qe7 35. Qg3 Rgf7 36. Qh3 Rxf4 37. Qxc8+ Rf8 38. Qh3 Rxf2 39. Rxf2 Rxf2 40. Qc8+ Kg7 41. Qh3 Kg8 42. Qc8+ Kg7 43. Qh3 1/2-1/2

[Event "XIV American Continental-ch 2019"]
[Site "Sao Paulo"]
[Date "2019.07.08"]
[Round "5.10"]
[White "Gemy, Jose Daniel"]
[Black "Delgado Ramirez, Neuris"]
[Result "1/2-1/2"]
[ECO "B50"]
[WhiteElo "2371"]
[BlackElo "2605"]
[Annotator "RC"]
[PlyCount "65"]
[EventDate "2019.07.05"]
[EventType "swiss"]
[EventCountry "BRA"]
[SourceTitle "playchess.com"]
[Source "ChessBase"]
[SourceQuality "1"]
[TimeControl "40/5400+30:1800+30"]

1. e4 c5 2. Nf3 d6 3. g3 g6 4. Bg2 Bg7 5. O-O Nc6 6. c3 e5 7. d3 Nge7 8. a3 a5 9. a4 O-O 10. Na3 h6 11. Nd2 Be6 12. f4 exf4 13. gxf4 f5 14. Nb5 Kh7 15. Qe2 Bg8 16. Nc4 d5 17. Ncd6 Qd7 18. e5 Nc8 19. Qf2 d4 20. Qf3 Nxd6 21. Nxd6 Ra6 22. h4 Rb6 23. Nb5 Rd8 24. c4 h5 25. Bd2 Bf8 26. Qg3 Be7 27. Kh2 Bf7 28. b3 Rg8 29. Bf3 Qd8 30. Kh3 Be6 31. Rae1 Ra6 32. Qf2 Qd7 33. Rh1 1/2-1/2

[Event "XIV American Continental-ch 2019"]
[Site "Sao Paulo"]
[Date "2019.07.08"]
[Round "5.11"]
[White "Mecking, Henrique"]
[Black "Duran Vega, Sergio"]
[Result "1/2-1/2"]
[ECO "D59"]
[WhiteElo "2576"]
[BlackElo "2364"]
[Annotator "ChessBase"]
[PlyCount "55"]
[EventDate "2019.07.05"]
[EventType "swiss"]
[EventCountry "BRA"]
[SourceTitle "playchess.com"]
[Source "ChessBase"]
[SourceQuality "1"]
[TimeControl "40/5400+30:1800+30"]

1. d4 Nf6 2. c4 e6 3. Nf3 d5 4. Nc3 Be7 5. Bg5 h6 6. Bh4 O-O 7. e3 b6 8. cxd5 Nxd5 9. Bxe7 Qxe7 10. Nxd5 exd5 11. Rc1 Be6 12. Be2 c5 13. b3 Nd7 14. O-O Rfc8 15. Ba6 Rc7 16. h3 Nb8 17. Bd3 Nc6 18. Bb1 cxd4 19. Qc2 g6 20. Nxd4 Rac8 21. Nxe6 Qxe6 22. Qd2 Ne7 23. Rxc7 Rxc7 24. Rd1 Qe5 25. Bd3 Kg7 26. Rc1 Rxc1+ 27. Qxc1 d4 28. exd4 1/2-1/2

[Event "XIV American Continental-ch 2019"]
[Site "Sao Paulo"]
[Date "2019.07.08"]
[Round "5.12"]
[White "Lima, Darcy"]
[Black "Mieles Palau, Daniel"]
[Result "0-1"]
[ECO "A00"]
[WhiteElo "2543"]
[BlackElo "2359"]
[Annotator "ChessBase"]
[PlyCount "79"]
[EventDate "2019.07.05"]
[EventType "swiss"]
[EventCountry "BRA"]
[SourceTitle "playchess.com"]
[Source "ChessBase"]
[SourceQuality "1"]
[TimeControl "40/5400+30:1800+30"]

1. g3 c5 2. Nf3 Nc6 3. d4 cxd4 4. Nxd4 e5 5. Nxc6 dxc6 6. Qxd8+ Kxd8 7. Nd2 Be6 8. e4 Nf6 9. f3 Kc7 10. Bc4 Bxc4 11. Nxc4 Nd7 12. Be3 b5 13. Nd2 Bc5 14. Ke2 Bxe3 15. Kxe3 Nc5 16. b3 Rhd8 17. a4 Rd4 18. axb5 cxb5 19. Nb1 b4 20. Nd2 a5 21. Rhf1 f6 22. f4 Rad8 23. Rf2 Nd3 24. Rg2 Nxf4 25. gxf4 exf4+ 26. Kf3 Rxd2 27. Rxg7+ Kb6 28. Rf7 R8d6 29. Ra2 Rxh2 30. Kxf4 Rc6 31. Rf8 Rh4+ 32. Kf3 Rc3+ 33. Kg2 Rg4+ 34. Kh2 Rh4+ 35. Kg2 Rg4+ 36. Kh2 Rxe4 37. Rxf6+ Rc6 38. Rf5 Re2+ 39. Kg3 Rexc2 40. Rf4 0-1

[Event "XIV American Continental-ch 2019"]
[Site "Sao Paulo"]
[Date "2019.07.08"]
[Round "5.13"]
[White "Di Berardino, Diego Rafael"]
[Black "Rangel, Daniel"]
[Result "1-0"]
[ECO "B13"]
[WhiteElo "2506"]
[BlackElo "2325"]
[Annotator "ChessBase"]
[PlyCount "59"]
[EventDate "2019.07.05"]
[EventType "swiss"]
[EventCountry "BRA"]
[SourceTitle "playchess.com"]
[Source "ChessBase"]
[SourceQuality "1"]
[TimeControl "40/5400+30:1800+30"]

1. c4 c6 2. e4 d5 3. exd5 cxd5 4. d4 Nf6 5. Nc3 Nc6 6. Bg5 dxc4 7. d5 Ne5 8. Qd4 h6 9. Bf4 Nd3+ 10. Bxd3 cxd3 11. Nf3 g6 12. O-O Bg7 13. Qxd3 O-O 14. Rfe1 Re8 15. h3 a6 16. Rad1 Bf5 17. Qd2 g5 18. Be5 Rc8 19. Qd4 b5 20. b3 Bg6 21. Re3 Kh7 22. Qb4 Nd7 23. Bxg7 Kxg7 24. h4 gxh4 25. Nxh4 Qb6 26. Nxg6 fxg6 27. Rxe7+ Rxe7 28. Qxe7+ Kg8 29. Qxd7 Rxc3 30. Re1 1-0

[Event "XIV American Continental-ch 2019"]
[Site "Sao Paulo"]
[Date "2019.07.09"]
[Round "5.14"]
[White "Salinas Herrera, Pablo"]
[Black "Coro, Lucas"]
[Result "1-0"]
[ECO "A48"]
[WhiteElo "2498"]
[BlackElo "2312"]
[Annotator "RC"]
[PlyCount "214"]
[EventDate "2019.07.05"]
[EventType "swiss"]
[EventCountry "BRA"]
[SourceTitle "playchess.com"]
[Source "ChessBase"]
[SourceQuality "1"]
[TimeControl "40/5400+30:1800+30"]

1. d4 Nf6 2. Nf3 g6 3. Nbd2 d5 4. e3 Bg7 5. b4 O-O 6. c4 b6 7. Bb2 Bb7 8. Be2 dxc4 9. Nxc4 c5 10. dxc5 bxc5 11. Qxd8 Rxd8 12. Na5 Be4 13. bxc5 Rc8 14. Rc1 Nfd7 15. Ba3 Nc6 16. Nxc6 Rxc6 17. O-O Rb8 18. Nd4 Bxd4 19. exd4 Nf6 20. Rfe1 e6 21. f3 Bd5 22. Rb1 Rcc8 23. Ba6 Re8 24. Rec1 Bc6 25. Bb4 Nd5 26. Be1 f5 27. Ba5 Kf7 28. Kf2 Rg8 29. h4 Ke7 30. Bd3 Kd7 31. Bd2 Rbe8 32. Rb3 Rb8 33. Rcb1 Rxb3 34. Rxb3 Re8 35. Bh6 Rg8 36. Kg3 Ke7 37. Bc4 Kd7 38. Bf4 Ra8 39. Be5 Rg8 40. a4 a5 41. Bb5 h6 42. Kf2 g5 43. hxg5 hxg5 44. Rb1 Nc3 45. Bxc6+ Kxc6 46. Rb6+ Kd5 47. c6 Nxa4 48. Ra6 Nb2 49. Rxa5+ Kxc6 50. Ke2 Kb6 51. Rc5 Na4 52. Rc1 Kb5 53. Rc7 Kb6 54. Kd2 g4 55. f4 Kb5 56. Rc1 Ra8 57. Ke2 Ra6 58. Kf2 Kb4 59. Kg3 Nc3 60. Kh4 Ne4 61. Kh5 Ra2 62. Kg6 Rxg2 63. Kf7 g3 64. Kxe6 Rf2 65. d5 g2 66. Rg1 Kc5 67. d6 Rd2 68. d7 Kc6 69. Rxg2 Nc5+ 70. Kxf5 Rxd7 71. Rh2 Nd3 72. Ke6 Nc5+ 73. Kf6 Ne4+ 74. Kg6 Kd5 75. Ra2 Ng3 76. Ra3 Ne4 77. Ra5+ Ke6 78. f5+ Ke7 79. Ra6 Rd1 80. Ra7+ Ke8 81. f6 Rg1+ 82. Kf5 Nxf6 83. Kxf6 Kd8 84. Bd6 Kc8 85. Ke6 Re1+ 86. Be5 Re2 87. Rc7+ Kd8 88. Rb7 Rc2 89. Rb1 Rc6+ 90. Bd6 Rc2 91. Rb7 Rc1 92. Rb6 Rc2 93. Be5 Rc1 94. Bg3 Rc2 95. Rb7 Re2+ 96. Be5 Rc2 97. Bf4 Re2+ 98. Kd6 Kc8 99. Rf7 Re1 100. Kc6 Kd8 101. Bd6 Re2 102. Kd5 Rd2+ 103. Ke6 Kc8 104. Rc7+ Kd8 105. Rc1 Re2+ 106. Be5 Re3 107. Rc7 Re2 {Bd6 Rd2 Be5} 1-0

[Event "XIV American Continental-ch 2019"]
[Site "Sao Paulo"]
[Date "2019.07.09"]
[Round "5.15"]
[White "Cubas, Jose Fernando"]
[Black "Filgueiras, Nathan Felipe"]
[Result "1/2-1/2"]
[ECO "C56"]
[WhiteElo "2493"]
[BlackElo "2259"]
[Annotator "RC"]
[PlyCount "117"]
[EventDate "2019.07.05"]
[EventType "swiss"]
[EventCountry "BRA"]
[SourceTitle "playchess.com"]
[Source "ChessBase"]
[SourceQuality "1"]
[TimeControl "40/5400+30:1800+30"]

1. e4 e5 2. Nf3 Nc6 3. Bc4 Nf6 4. d4 exd4 5. O-O Nxe4 6. Re1 d5 7. Bxd5 Qxd5 8. Nc3 Qd7 9. Nxe4 Be7 10. Bg5 O-O 11. Bxe7 Qxe7 12. Nxd4 Bd7 13. Qh5 g6 14. Qh6 Qe5 15. Nf3 Qg7 16. Qf4 Bf5 17. Nc3 Rfd8 18. Rad1 Bxc2 19. Rc1 Bf5 20. Qxc7 Rd7 21. Qf4 Rad8 22. h3 h6 23. Re3 Kh7 24. g4 Be6 25. b4 Bd5 26. Ne5 Nxe5 27. Rxe5 Be6 28. Rce1 Rd4 29. Ne4 g5 30. Qf3 Rd3 31. Nf6+ Kh8 32. R1e3 R3d4 33. R5e4 Rd1+ 34. Kg2 R1d2 35. Rc3 R2d4 36. Rce3 Rd2 37. Ra3 R2d4 38. Rxd4 Rxd4 39. Rxa7 Rd8 40. Rxb7 Qg6 41. Rb5 Kg7 42. Nh5+ Kh7 43. Re5 Rd3 44. Rxe6 fxe6 45. Qb7+ Kg8 46. Qc8+ Kf7 47. Qc7+ Ke8 48. Qc6+ Ke7 49. b5 Rd5 50. Ng3 Qd3 51. a4 Rd6 52. Qc7+ Rd7 53. Qc5+ Qd6 54. Qe3 Qd5+ 55. Kh2 Qd2 56. Qc5+ Qd6 57. Qe3 Qd2 58. Qc5+ Qd6 59. Qe3 1/2-1/2